 Dungeon Crawl Stone Soup version 0.21.1-1-g345015fe64 (webtiles) character file.

379 Freyura the Slasher (level 6, -1/58 HPs)
             Began as a Naga Monk on May 26, 2018.
             Slain by a phantom (4 damage)
             ... on level 3 of the Dungeon.
             The game lasted 00:09:36 (2717 turns).

Freyura the Slasher (Naga Monk)                     Turns: 2717, Time: 00:09:36

Health: -1/58      AC:  5    Str: 13    XL:     6   Next: 74%
Magic:  6/6        EV: 13    Int: 10    God:
Gold:   228        SH:  0    Dex: 16    Spells: 5/5 levels left

rFire    + . .     SeeInvis +   a - +1 falchion
rCold    . . .     Gourm    .   (no shield)
rNeg     . . .     Faith    .   i - +2 leather armour {rF+}
rPois    +         Spirit   .   (no helmet)
rElec    .         Reflect  .   (no cloak)
rCorr    .         Harm     .   (no gloves)
MR       .....                  (no barding)
Stlth    +.........             (no amulet)
HPRegen  0.19/turn              c - ring of loudness (curse)
MPRegen  0.10/turn              e - ring of poison resistance

@: very slow
A: large, repulsion field 1, see invisible, deformed body, poison resistance,
slowness 2, slow metabolism 1, spit poison 2, subdued magic 1, AC +2
a: Breathe Poison Gas


You were on level 3 of the Dungeon.
You were not hungry.

You visited 1 branch of the dungeon, and saw 3 of its levels.

You collected 228 gold pieces.

Inventory:

Hand Weapons
 a - a +1 falchion (weapon)
Armour
 b - a +0 robe
 f - a +1 scale mail of fire resistance
 i - a +2 leather armour of fire resistance (worn)
Jewellery
 c - a cursed ring of loudness (left hand)
 e - a ring of poison resistance (right hand)
Scrolls
 h - 2 scrolls of teleportation
 j - a scroll of identify {unknown}
Potions
 d - a potion of berserk rage
 g - a potion of curing
Comestibles
 k - a ration


   Skills:
 + Level 4.4 Fighting
 * Level 5.6 Long Blades
 + Level 3.7 Dodging
 - Level 3.0 Stealth


You had 5 spell levels left.
You didn't know any spells.

Dungeon Overview and Level Annotations

Branches:
Dungeon (3/15)

Altars:
Gozag


Innate Abilities, Weirdness & Mutations

You cannot wear boots.
Your serpentine skin is tough. (AC +2)
You have supernaturally acute eyesight. (SInv)
Armour fits poorly on your strangely shaped body.
Your system is resistant to poisons. (rPois)
You cover ground very slowly.
You have a slow metabolism.
You can exhale a cloud of poison.
You are surrounded by a mild repulsion field. (EV +2)
Your spells are a little easier to cast, but a little less powerful.


Message History

You hit the phantom.
The phantom is heavily damaged.
The phantom hits you but does no damage.
You hit the phantom.
The phantom is heavily damaged.
The phantom misses you.
You hit the phantom.
The phantom is heavily damaged.
The phantom hits you.
* * * LOW HITPOINT WARNING * * *
You hit the phantom but do no damage.
The phantom is heavily damaged.
The phantom misses you.
You closely miss the phantom.
The phantom is heavily damaged.
The phantom barely misses you.
You hit the phantom.
The phantom is severely damaged.
The phantom hits you.
You die...

.g... ...>....[...#
..... ..###.#...####
...... #.# #....###
......#####.###......#
.....................#
......#..#........#.##
# #...####.....#.##.#
#...W#.........'..#
#.##@#...†.....##.#
#.. #.#>.....#.## #
#..# #.#......#.# #.#
#.#..†..##.# #.
#.##..###... #.
#..........#
###..#.##### .r....#
.......##


You could see a phantom.

Vanquished Creatures
  Sigmund (D:2)
  A bullfrog (D:2)
  Terence (D:2)
  The ghost of sophiamann the Skirmisher, a weakling DrBe of Trog (D:3)
  3 adders
  An ooze (D:3)
  5 worms
  A dart slug (D:2)
  3 leopard geckos
  7 orcs (D:3)
  4 bats
  A giant cockroach (D:2)
  5 goblins
  5 hobgoblins
  10 jackals (D:3)
  2 quokkas (D:2)
  A ball python (D:3)
  4 frilled lizards
  A kobold (D:3)
  5 rats
62 creatures vanquished.

Notes
Turn   | Place    | Note
-------+----------+-------------------------------------------
     0 | D:1      | Freyura the Naga Monk began the quest for the Orb.
     0 | D:1      | Reached XP level 1. HP: 21/21 MP: 1/1
   824 | D:2      | Reached XP level 2. HP: 9/28 MP: 2/2
  1121 | D:2      | Noticed Sigmund
  1122 | D:2      | Gained mutation: You are surrounded by a mild repulsion field. (EV +2) [potion of mutation]
  1122 | D:2      | Gained mutation: Your spells are a little easier to cast, but a little less powerful. [potion of mutation]
  1122 | D:2      | Gained mutation: You can exhale a cloud of poison. [potion of mutation]
  1152 | D:2      | Killed Sigmund
  1152 | D:2      | Reached skill level 4 in Long Blades
  1152 | D:2      | Reached XP level 3. HP: 4/36 MP: 3/3
  1152 | D:2      | Reached XP level 4. HP: 5/44 MP: 4/4
  1152 | D:2      | Reached XP level 5. HP: 5/50 MP: 5/5
  1602 | D:2      | Noticed Terence
  1611 | D:2      | Killed Terence
  1611 | D:2      | Reached skill level 5 in Long Blades
  1666 | D:2      | Reached XP level 6. HP: 40/57 MP: 6/6
  1681 | D:2      | Found an opulent altar of Gozag.
  2453 | D:3      | Noticed sophiamann's ghost (weakling DrBe)
  2466 | D:3      | Killed sophiamann's ghost
  2666 | D:3      | Noticed a phantom
  2717 | D:3      | Slain by a phantom

Skill      XL: |  1  2  3  4  5 |
---------------+----------------+-----
Fighting       | 4 |  4.4
Long Blades    | 4 5 |  5.6
Dodging        | 3 |  3.7
Stealth        | |  3.0

Action                   |  1- 3 |  4- 6 || total
-------------------------+-------+-------++-------
Melee: Falchion          |    56 |   176 ||   232
 Abil: Breathe Poison Ga |       |     1 ||     1
  Use: Potion            |     2 |     3 ||     5
       Scroll            |       |     3 ||     3
 Stab: Sleeping          |     2 |     1 ||     3
  Eat: Ration            |       |     1 ||     1
       Chunk             |       |     1 ||     1
Armor: Leather armour    |     4 |    54 ||    58
Dodge: Dodged            |    37 |   156 ||   193
       Rpst.: Falchion   |     7 |    56 ||    63
